 Dungeon Crawl Stone Soup version 0.26-a0-649-gf8c6c3aab7 (webtiles) character file.

Game seed: 7605011815566029753

14135 KennyOmg the Cleaver (level 11, -16/108 HPs)
             Began as a Minotaur Berserker on Sept 27, 2020.
             Was a High Priest of Trog.
             Demolished by a phantasmal warrior (25 damage)
             ... led by a death knight
             ... on level 13 of the Dungeon.
             The game lasted 00:14:52 (13800 turns).

KennyOmg the Cleaver (Minotaur Berserker)          Turns: 13800, Time: 00:14:53

Health: -16/108    AC: 14    Str: 23    XL:     11   Next: 84%
Magic:  10/10      EV:  6    Int:  5    God:    Trog [*****.]
Gold:   838        SH: 15    Dex: 11    Spells: 10/10 levels left

rFire    . . .     SeeInvis +   j - +4 hand axe
rCold    . . .     Faith    .   I - +3 kite shield
rNeg     . . .     Spirit   .   J - +0 plate armour
rPois    .         Reflect  .   (helmet restricted)
rElec    .         Harm     .   (no cloak)
rCorr    +         Rampage  .   (no gloves)
MR       .....                  C - +2 pair of boots
Stlth    ..........             a - amulet of magic regeneration
HPRegen  0.28/turn              z - ring of see invisible
MPRegen  0.37/turn              K - ring of resist corrosion

@: vulnerable, hasted and slowed
A: retaliatory headbutt, horns 2
a: Berserk, Trog's Hand, Brothers in Arms, Renounce Religion


You were on level 13 of the Dungeon.
You worshipped Trog.
Trog was extremely pleased with you.
You visited 1 branch of the dungeon, and saw 13 of its levels.

You collected 838 gold pieces.

Inventory:

Hand Weapons
 j - a +4 hand axe (weapon)
   (You took it off a wight on level 12 of the Dungeon)
Missiles
 r - 11 curare-tipped darts (quivered) {!f}
 D - 5 throwing nets {!f}
Armour
 C - a +2 pair of boots (worn)
   (You found it on level 9 of the Dungeon)
 I - a +3 kite shield (worn)
   (You found it on level 9 of the Dungeon)
 J - a +0 plate armour (worn)
   (You took it off an orc warrior on level 9 of the Dungeon)
Jewellery
 a - an amulet of magic regeneration (around neck)
   (You found it on level 12 of the Dungeon)
 h - an uncursed ring of positive energy
   (You found it on level 11 of the Dungeon)
 i - an uncursed ring of protection from fire
   (You found it on level 7 of the Dungeon)
 m - an uncursed ring of flight
   (You found it on level 2 of the Dungeon)
 z - a ring of see invisible (left hand)
   (You found it on level 7 of the Dungeon)
 K - a ring of resist corrosion (right hand)
   (You found it on level 12 of the Dungeon)
Wands
 d - a wand of iceblast (24)
   (You found it on level 6 of the Dungeon)
 s - a wand of polymorph (7)
   (You found it on level 12 of the Dungeon)
 t - a wand of flame (56)
   (You took it off Ijyb on level 3 of the Dungeon)
 u - a wand of paralysis (9)
   (You found it on level 6 of the Dungeon)
 v - a wand of digging (13)
   (You found it on level 11 of the Dungeon)
 x - a wand of acid (12)
   (You took it off Harold on level 7 of the Dungeon)
Scrolls
 c - 3 scrolls of identify {@r1}
 f - 3 scrolls of immolation {!r}
 g - 4 scrolls of remove curse {@r2}
 k - 4 scrolls of teleportation {@r4}
 o - 3 scrolls of enchant weapon
 w - 2 scrolls of fog
 G - 3 scrolls of enchant armour
 L - a scroll of torment {unknown}
Potions
 b - 6 potions of curing {@q1}
 e - 4 potions of degeneration {!q}
 l - 3 potions of lignification {!q}
 n - a potion of stabbing
 p - 3 potions of mutation {!q}
 q - 3 potions of haste {@q3}
 y - 5 potions of flight
 A - 3 potions of heal wounds {@q2}
 B - a potion of berserk rage
 E - 5 potions of brilliance
 F - 5 potions of might
 H - 2 potions of magic


   Skills:
 + Level 13.8 Fighting
 - Level 14.0 Axes
 - Level 2.4 Armour
 - Level 2.1 Dodging
 * Level 11.7 Shields


You had 10 spell levels left.
You didn't know any spells.
Your spell library was empty.

Dungeon Overview and Level Annotations

Branches:
Dungeon (13/15)            Temple (0/1) D:5            Lair (0/6) D:10
    Orc (0/2) D:12
 Vaults: D:13-14

Altars:
Dithmenos
Elyvilon
Fedhas
Nemelex Xobeh
Ru
Sif Muna
Vehumet
Zin
The Shining One

Shops:
D:5 }

Portals:
Trove: D:13 (give +2 shadow dragon scales)

Annotations:
D:3 2 transporters


Innate Abilities, Weirdness & Mutations

You reflexively headbutt those who attack you in melee.
You have a pair of horns on your head.


Message History

You hit the phantasmal warrior. You headbutt the phantasmal warrior.
You closely miss the death knight.
You hit the freezing wraith but do no damage.
You hit the death knight but do no damage.
You headbutt the death knight. You closely miss the freezing wraith.
You slash the death knight!
You hit the phantasmal warrior but do no damage.
You hit the freezing wraith but do no damage.
You block the death knight's attack.
You hit the death knight but do no damage.
Your headbutt misses the death knight.
You hit the phantasmal warrior but do no damage.
You hit the freezing wraith but do no damage.
The freezing wraith hits you! The freezing wraith freezes you!
The freezing wraith hits you but does no damage.
The phantasmal warrior hits you but does no damage.
You hit the death knight. Your headbutt misses the death knight.
You hit the wraith.
You hit the freezing wraith but do no damage.
You slash the phantasmal warrior! The freezing wraith hits you!
* * * LOW HITPOINT WARNING * * *
The freezing wraith freezes you!!
* * * LOW HITPOINT WARNING * * *
The freezing wraith hits you.
* * * LOW HITPOINT WARNING * * *
The freezing wraith drains your vigour!
You feel yourself slow down. The phantasmal warrior hits you!
* * * LOW HITPOINT WARNING * * *
You block the death knight's attack.
Okay, then.
You feel much better. The wraith hits you!
* * * LOW HITPOINT WARNING * * *
The wraith drains your vigour!
You feel as though you will be slow longer.
The freezing wraith barely misses you. You furiously retaliate!
You headbutt the freezing wraith, but do no damage.
The freezing wraith hits you.
* * * LOW HITPOINT WARNING * * *
The death knight hits you but does no damage.
You feel yourself speed up.
You block the freezing wraith's attack. x2
The phantasmal warrior hits you.
* * * LOW HITPOINT WARNING * * *
Your magical defenses are stripped away!
You block the death knight's attack. You block the freezing wraith's attack.
The freezing wraith hits you.
* * * LOW HITPOINT WARNING * * *
The freezing wraith hits you but does no damage. x2
The phantasmal warrior hits you!!
You die...

..........#
..........#
..........#
...........##
............##
.............#
/......WpW...#
#
.......W@W...#
##
#..........##
.##
###.......##
.(## ###...###
...# #.###
...# #)# ...#
##.# #### #..#
# #.##


You could see a death knight, a phantasmal warrior, 2 freezing wraiths and a
wraith.

Vanquished Creatures
  Kirke (D:12)
  Erolcha (D:12)
  Harold (D:7)
  A two-headed ogre (D:11)
  3 unseen horrors
  2 centaur zombies
  5 centaur skeletons
  A komodo dragon (D:12)
  4 trolls
  3 hippogriffs
  2 wyverns
  2 hogs (D:12)
  3 ice beasts
  9 orc warriors
  3 black bears
  A sky beast (D:8)
  A necrophage (D:9)
  4 phantoms
  An ogre (D:8)
  3 centaurs
  2 big kobolds
  6 bullfrogs
  2 scorpions
  5 killer bees (D:9)
  9 wights
  3 howler monkeys
  A bullfrog zombie (D:13)
  2 quasits
  8 orc priests
  3 hounds
  5 jellies
  23 orc wizards
  5 iguanas
  8 worker ants
  Ijyb (D:3)
  A worker ant zombie (D:7)
  15 adders
  2 shadow imps
  2 white imps
  4 ufetubi
  An ooze (D:3)
  2 adder zombies
  An adder skeleton (D:5)
  A worm (D:4)
  2 dart slugs
  6 leopard geckos
  68 orcs
  3 bats
  6 giant cockroaches
  16 goblins
  7 hobgoblins
  11 jackals
  5 quokkas
  3 ball pythons
  7 frilled lizards
  2 goblin zombies (D:7)
  3 hobgoblin zombies (D:7)
  A jackal skeleton (D:7)
  A jackal zombie (D:7)
  18 kobolds
  2 kobold skeletons (D:7)
  3 orc skeletons (D:7)
  7 rats
334 creatures vanquished.

Notes
Turn   | Place    | Note
-------+----------+-------------------------------------------
     0 | D:1      | KennyOmg the Minotaur Berserker began the quest for the
                  | Orb.
     0 | D:1      | Reached XP level 1. HP: 19/19 MP: 0/0
   106 | D:1      | Reached skill level 4 in Axes
   190 | D:1      | Reached XP level 2. HP: 27/27 MP: 1/1
   478 | D:1      | Reached ** piety under Trog
   754 | D:1      | Found a sparkling altar of Nemelex Xobeh.
   785 | D:1      | Reached XP level 3. HP: 33/33 MP: 2/2
  1084 | D:2      | Reached skill level 5 in Axes
  1295 | D:2      | Found a faded altar of an unknown god.
  1467 | D:2      | Reached XP level 4. HP: 41/41 MP: 3/3
  1733 | D:3      | Found a transporter.
  1760 | D:3      | Found a transporter.
  2238 | D:3      | Noticed Ijyb
  2248 | D:3      | Killed Ijyb
  2313 | D:3      | Reached skill level 6 in Axes
  2347 | D:3      | Reached *** piety under Trog
  2351 | D:3      | Reached XP level 5. HP: 44/47 MP: 4/4
  2656 | D:3      | Reached skill level 5 in Fighting
  3083 | D:4      | Reached skill level 7 in Axes
  3083 | D:4      | Reached XP level 6. HP: 46/56 MP: 5/5
  3521 | D:5      | Entered Level 5 of the Dungeon
  3667 | D:5      | Reached **** piety under Trog
  3941 | D:5      | Found Qeosenn's Gadget Shop.
  4185 | D:5      | Found a staircase to the Ecumenical Temple.
  4452 | D:6      | Reached skill level 9 in Axes
  4452 | D:6      | Reached XP level 7. HP: 45/64 MP: 6/6
  5044 | D:6      | Found a sacrificial altar of Ru.
  5152 | D:6      | Reached XP level 8. HP: 73/73 MP: 7/7
  5274 | D:6      | Found a sparkling altar of Nemelex Xobeh.
  5280 | D:6      | Reached skill level 10 in Axes
  5582 | D:7      | Noticed Harold
  5592 | D:7      | Killed Harold
  5592 | D:7      | Reached skill level 11 in Axes
  6156 | D:7      | Reached XP level 9. HP: 82/82 MP: 8/8
  6373 | D:7      | Reached skill level 12 in Axes
  6431 | D:7      | Found a glowing golden altar of the Shining One.
  6681 | D:8      | Found a shadowy altar of Dithmenos.
  6682 | D:8      | Found a shimmering blue altar of Sif Muna.
  6683 | D:8      | Found a radiant altar of Vehumet.
  6692 | D:8      | Reached ***** piety under Trog
  7058 | D:8      | Received a gift from Trog
  7073 | D:8      | Reached skill level 13 in Axes
  7558 | D:8      | Reached skill level 10 in Fighting
  7658 | D:8      | Found a glowing silver altar of Zin.
  8057 | D:9      | Found a blossoming altar of Fedhas.
  8093 | D:9      | Reached XP level 10. HP: 28/94 MP: 9/9
  8391 | D:9      | Reached skill level 14 in Axes
  8582 | D:9      | Found a sacrificial altar of Ru.
  8903 | D:9      | Reached skill level 1 in Shields
  8957 | D:9      | Received a gift from Trog
  9243 | D:10     | Entered Level 10 of the Dungeon
  9762 | D:10     | Found a white marble altar of Elyvilon.
 10004 | D:10     | Reached skill level 5 in Shields
 10140 | D:10     | Found a staircase to the Lair.
 10906 | D:11     | Noticed a two-headed ogre
 10913 | D:11     | Killed a two-headed ogre
 11141 | D:11     | Reached XP level 11. HP: 104/105 MP: 10/10
 11541 | D:12     | Noticed Kirke
 11572 | D:12     | Killed Kirke
 12300 | D:12     | Found a staircase to the Orcish Mines.
 12410 | D:12     | Reached skill level 10 in Shields
 12541 | D:12     | Noticed an unseen horror
 12556 | D:12     | Killed an unseen horror
 12572 | D:12     | Noticed Erolcha
 12585 | D:12     | Killed Erolcha
 12765 | D:12     | Noticed an unseen horror
 12783 | D:12     | Killed an unseen horror
 13615 | D:13     | Found a portal to a secret trove of treasure.
 13662 | D:13     | Noticed an unseen horror
 13672 | D:13     | Killed an unseen horror
 13718 | D:13     | Received a gift from Trog
 13785 | D:13     | Noticed a phantasmal warrior
 13787 | D:13     | Noticed a death knight
 13800 | D:13     | Demolished by a phantasmal warrior

Illustrated notes

Levels and vault maps discovered:
D:1:      roderic_crossed_star, layout_basic, nemelex_xobeh_ov_fountains_minmay
D:2:      kennysheep_the_goblin_king, layout_basic,
          chequers_ecumenical_altar_simple
D:3:      gammafunk_steamed_eel, layout_loops_ring, kennysheep_path_1, uniq_ijyb
D:4:      layout_loops_cross
D:5:      layout_cave_pools, lemuel_temple_firewalk_b, serial_shops, shop,
          serial_column_ruins, column_ruins_hut, column_ruins_square_medium,
          column_ruins_grid_1, column_ruins_open_tiny,
          column_ruins_columns_straight, column_ruins_corridor_T,
          column_ruins_columns_straight, wad_floor_pattern_2
D:6:      layout_gridville, corexii_shack, hangedman_feature_mirror,
          lightli_orcish_oven
D:7:      layout_basic, nicolae_tso_besieged_by_evil, uniq_harold
D:8:      layout_rooms, kennysheep_mini,
          chequers_temple_overflow_statue_of_worship, minmay_statues_item,
          chequers_avenue
D:9:      layout_loops_cross, kennysheep_mini_moat,
          nicolae_ru_sacrificial_ziggurat
D:10:     layout_long_grid, lair_entry_dummy, enter_bailey_3, elyvilon_altar_3
D:11:     layout_big_octagon
D:12:     layout_cave_pods, orc_0_dummy, uniq_erolcha, uniq_kirke
D:13:     layout_cave_pods, david_vaults_1, trove_entry_hex_spiral

Skill      XL: |  1  2  3  4  5  6  7  8  9 10 11 |
---------------+----------------------------------+-----
Axes           | 4 5 6 7 9 11 13 14 | 14.0
Fighting       | 4 5 6 7 8 10 12 13 | 13.8
Shields        | 7 11 | 11.7
Armour         | |  2.4
Dodging        | |  2.1

Action                   |  1- 3 |  4- 6 |  7- 9 | 10-12 || total
-------------------------+-------+-------+-------+-------++-------
Melee: Hand axe          |    66 |   181 |   297 |   491 ||  1035
       Headbutt          |     5 |    36 |    65 |   114 ||   220
       Unarmed           |       |       |       |    15 ||    15
Invok: Berserk           |       |     1 |     3 |     4 ||     8
       Trog's Hand       |       |       |     1 |       ||     1
  Use: Scroll            |       |       |       |    23 ||    23
       Potion            |       |       |       |     2 ||     2
 Stab: Sleeping          |     1 |       |       |       ||     1
Armor: Animal skin       |     3 |       |       |       ||     3
       Ring mail         |    12 |     7 |       |       ||    19
       Chain mail        |       |    66 |   113 |    21 ||   200
       Plate armour      |       |       |       |   141 ||   141
       Scale mail        |       |       |       |     6 ||     6
Dodge: Dodged            |    50 |    69 |    98 |    68 ||   285
Block: Kite shield       |       |       |       |   245 ||   245

Table legend: (Time is in decaauts)
 A = Elapsed time spent in this place.
 B = Non-inter-level travel time spent in this place.
 C = Inter-level travel time spent in this place.
 D = Time resting spent in this place.
 E = Time spent auto-exploring this place.
 F = Levels seen in this place.
 G = Mean time per level.
                   A        B        C        D        E       F      G
               +--------+--------+--------+--------+--------+-----+--------+
         Total |  13618 |  13307 |    311 |   2440 |   8975 |  13 | 1047.5 |
       Dungeon |  13618 |  13307 |    311 |   2440 |   8975 |  13 | 1047.5 |
               +--------+--------+--------+--------+--------+-----+--------+

Top non-repeatable levels by time:
    D:12: 1925 daAuts
     D:9: 1622 daAuts
     D:6: 1516 daAuts
     D:8: 1197 daAuts
    D:10: 1163 daAuts
     D:3: 996 daAuts
     D:1: 993 daAuts
     D:5: 823 daAuts
     D:4: 818 daAuts
     D:7: 782 daAuts
     D:2: 734 daAuts
    D:11: 712 daAuts
    D:13: 332 daAuts
